[Event "31st MPL National U18G Chess-ch 2022"]
[Site "Pollachi"]
[Date "2022.04.22"]
[Round "10.4"]
[White "Meenatchi Rajam V"]
[Black "Chinnam Vyshnavi"]
[Result "0-1"]
[ECO "D59"]
[WhiteElo "1530"]
[BlackElo "1721"]
[Annotator "NA RC COMBH"]
[PlyCount "96"]
[EventDate "2022.04.18"]
[EventCountry "IND"]
[SourceTitle "playchess.com"]
[Source "ChessBase"]
[SourceQuality "1"]
[TimeControl "5400+30"]

1. d4 Nf6 2. Nf3 d5 3. c4 e6 4. Nc3 Be7 5. Bg5 h6 6. Bh4 O-O 7. e3 b6 8. cxd5 Nxd5 9. Bxe7 Qxe7 10. Nxd5 exd5 11. Rc1 Bb7 12. Bd3 c5 13. dxc5 bxc5 14. O-O Nd7 15. b3 Rfd8 16. Qe2 Nf6 17. Ba6 Ne4 18. Rfd1 Bxa6 19. Qxa6 Rd6 20. Qa5 Qb7 21. Qe1 Rc8 22. Nd2 f5 23. Nxe4 fxe4 24. Rc2 d4 25. exd4 Rxd4 26. Rdc1 Qd5 27. Rc4 Rd2 28. g3 Rf8 29. Rxc5 Qd4 30. R5c4 Qxf2+ 31. Qxf2 Rfxf2 32. Rxe4 Rg2+ 33. Kf1 Rxh2 34. Rh4 Rhf2+ 35. Ke1 Rde2+ 36. Kd1 Rxa2 37. Ke1 Rg2 38. Kf1 Rxg3 39. b4 Kh7 40. b5 Rb3 41. Rh5 Ra5 42. Rcc5 Ra1+ 43. Ke2 Ra2+ 44. Kd1 Rg3 45. Rh1 Ra1+ 46. Rc1 Rxc1+ 47. Kxc1 Rb3 48. Rh5 g5 0-1

[Event "31st MPL National U18G Chess-ch 2022"]
[Site "Pollachi"]
[Date "2022.04.22"]
[Round "10.5"]
[White "Jeevika S"]
[Black "Vakcheri Mohitha"]
[Result "1/2-1/2"]
[ECO "C02"]
[WhiteElo "1239"]
[BlackElo "1459"]
[Annotator "NA RC COMBH"]
[PlyCount "61"]
[EventDate "2022.04.18"]
[EventCountry "IND"]
[SourceTitle "playchess.com"]
[Source "ChessBase"]
[SourceQuality "1"]
[TimeControl "5400+30"]

1. e4 e6 2. d4 d5 3. e5 c5 4. c3 Nc6 5. Nf3 Qb6 6. Be2 cxd4 7. cxd4 Nge7 8. Nc3 Nf5 9. Bb5 Bd7 10. Bxc6 bxc6 11. O-O c5 12. Na4 Qb4 13. Nxc5 Bxc5 14. dxc5 Qxc5 15. Bd2 O-O 16. a3 Rfc8 17. Bc3 a5 18. Rc1 a4 19. Nd4 Nxd4 20. Qxd4 Qxd4 21. Bxd4 Bb5 22. Rfe1 Bc4 23. Rcd1 Kf8 24. Bc3 Ke7 25. Bb4+ Kd7 26. Bc3 Kc6 27. Rd4 h5 28. Rh4 Rh8 29. Rf4 Ra7 30. h4 g6 31. Re3 1/2-1/2

[Event "31st MPL National U18G Chess-ch 2022"]
[Site "Pollachi"]
[Date "2022.04.22"]
[Round "10.6"]
[White "Keerthana B"]
[Black "Sasvatha A"]
[Result "1-0"]
[ECO "B19"]
[WhiteElo "1311"]
[BlackElo "1756"]
[Annotator "NA RC COMBH"]
[PlyCount "103"]
[EventDate "2022.04.18"]
[EventCountry "IND"]
[SourceTitle "playchess.com"]
[Source "ChessBase"]
[SourceQuality "1"]
[TimeControl "5400+30"]

1. e4 c6 2. d4 d5 3. Nc3 dxe4 4. Nxe4 Bf5 5. Ng3 Bg6 6. Nf3 Nd7 7. h4 h6 8. h5 Bh7 9. Bd3 Bxd3 10. Qxd3 e6 11. Bf4 Qa5+ 12. c3 Ngf6 13. Qe2 Be7 14. Ne5 Nxe5 15. dxe5 Nd5 16. Bd2 Qc7 17. O-O O-O-O 18. a3 Nb6 19. a4 Nd7 20. f4 Nc5 21. Be3 Nb3 22. Ra2 Bc5 23. Bxc5 Nxc5 24. b4 Nd7 25. Ne4 Kb8 26. Nd6 Nb6 27. c4 c5 28. a5 Nc8 29. Nxc8 Qxc8 30. b5 Qd7 31. Rf2 g6 32. hxg6 fxg6 33. a6 Qd1+ 34. Qxd1 Rxd1+ 35. Kh2 Rd4 36. axb7 Rd7 37. Ra6 Rxb7 38. Rxe6 Rb6 39. Rxb6+ axb6 40. Rd2 Kc7 41. Rd6 Rf8 42. Rc6+ Kb7 43. Rf6 Rg8 44. Rf7+ Kb8 45. Rh7 h5 46. Kg3 Rd8 47. Rg7 Rd3+ 48. Kh4 Rd4 49. Kg5 h4 50. e6 Re4 51. e7 h3 52. gxh3 1-0

[Event "31st MPL National U18G Chess-ch 2022"]
[Site "Pollachi"]
[Date "2022.04.23"]
[Round "11.1"]
[White "Sindhusree K"]
[Black "Bhagyashree Patil"]
[Result "1/2-1/2"]
[ECO "D55"]
[WhiteElo "1467"]
[BlackElo "1974"]
[Annotator "TA"]
[PlyCount "44"]
[EventDate "2022.04.18"]
[EventCountry "IND"]
[SourceTitle "playchess.com"]
[Source "ChessBase"]
[SourceQuality "1"]
[TimeControl "5400+30"]

1. d4 d5 2. c4 e6 3. Nc3 Nf6 4. Bg5 Be7 5. e3 b6 6. cxd5 exd5 7. Nf3 Bb7 8. Bd3 Nbd7 9. O-O O-O 10. Rc1 c5 11. Qe2 Ne4 12. Bxe7 Qxe7 13. Ba6 {[%emt 0:05:57] D55: Queen's Gambit Declined: 4 Bg5 Be7: Lines without ...h6 and 6...h6 7 Bxf6.} Nxc3 {[%emt 0:00:00] [#]} 14. bxc3 $146 ({Predecessor:} 14. Rxc3 Nf6 15. Bxb7 Qxb7 16. dxc5 Ne4 17. Rb3 Nxc5 18. Rb4 Rac8 19. Rd1 Rfd8 20. h3 g6 {0-1 (49) Irimia,M (1981)-Clemente Llamero,R (2151) Belgrade 2010}) 14... Bxa6 15. Qxa6 c4 16. Qb5 Qd6 17. Kh1 (17. e4 $11) 17... Kh8 (17... a6 $5 18. Qb2 b5 $15) 18. Kg1 Kg8 (18... a6 $5 19. Qb2 Rfe8 $11) 19. Kh1 Kh8 20. Kg1 Kg8 21. Kh1 $1 Kh8 (21... a6 $5 22. Qb2 b5 $15) 22. Kg1 Kg8 {[%emt 0:00:00] An interesting draw.  Weighted Error Value: White=0.10 (very precise) /Black=0.24 (precise)} 1/2-1/2

[Event "31st MPL National U18G Chess-ch 2022"]
[Site "Pollachi"]
[Date "2022.04.23"]
[Round "11.2"]
[White "Rindhiya V"]
[Black "Yashvi Jain"]
[Result "1-0"]
[ECO "C54"]
[WhiteElo "1949"]
[BlackElo "1310"]
[Annotator "TA"]
[PlyCount "105"]
[EventDate "2022.04.18"]
[EventCountry "IND"]
[SourceTitle "playchess.com"]
[Source "ChessBase"]
[SourceQuality "1"]
[TimeControl "5400+30"]

1. e4 e5 2. Nf3 Nc6 3. Bc4 Bc5 4. c3 Nf6 5. d3 a6 6. Bb3 d6 7. Nbd2 Ba7 8. h3 h6 {[%emt 0:00:16] C54: Giuoco Piano: 4 c3 Nf6, main lines with 5 d4 and 5 d3.} 9. Nf1 O-O 10. Ng3 Re8 {[%emt 0:00:56] The position is equal.} 11. O-O Be6 12. Qe2 d5 13. Rd1 Qd7 14. Be3 (14. Bc2) 14... d4 15. Bd2 Rad8 16. Bc2 {[%emt 0:01:36] [#]} Kh7 $146 (16... Qd6 $11 {is more appropriate.}) ({Predecessor:} 16... Bc5 17. c4 Bxc4 18. Bxh6 Be6 19. Bg5 Be7 20. Rdc1 Qd6 21. Ba4 Nd7 22. Bxc6 bxc6 23. Bxe7 Rxe7 {1-0 (47) Hillarp Persson,T (2618)-Glimbrant,T (2244) Kungsor 2009}) 17. c4 $14 Bc5 18. Ba4 Bd6 19. b4 {[%emt 0:04:41] [#] Threatens to win with Bxc6.} (19. Rdc1 b5 20. Bb3 (20. cxb5 Ne7)) 19... Rb8 (19... b5 20. cxb5 Ne7) (19... b5 $1 $11 20. cxb5 Ne7) 20. Bxc6 $16 Qxc6 21. c5 Bf8 22. Nxe5 Qa4 23. f4 (23. Nf3) 23... Kg8 (23... b6) (23... b6 $16 {keeps fighting.}) 24. Nf3 b6 25. cxb6 (25. Nxd4 bxc5 26. Nxe6 Rxe6) (25. Nxd4 bxc5 26. Nxe6 Rxe6 $16) 25... cxb6 (25... Rxb6 26. Nxd4 Bxb4 27. Nxe6 Rexe6) (25... Rxb6 $16 {is a better defense.} 26. Nxd4 Bxb4 27. Nxe6 fxe6) 26. a3 $18 (26. Nxd4 Bxb4 27. Bxb4 Qxb4) ({Resist} 26. Nxd4 $6 Bxb4 27. Bxb4 Qxb4 $16) 26... Rbd8 27. Qf2 Bb3 28. Rdc1 Qb5 29. Ne1 (29. Nxd4 Qxd3 30. Nxb3 Qxb3) ({Less strong is} 29. Nxd4 Qxd3 30. Nxb3 Qxb3 $14) 29... a5 30. Rab1 Qa4 (30... a4 31. Rb2 Re7) 31. Nf5 Qxa3 $2 (31... Rc8 32. Nxd4 (32. Qxd4 Ba2) 32... Ba2) (31... Rc8 32. Nxd4 (32. Qxd4 Ba2 $18) 32... Rxc1 33. Bxc1 Be6) 32. Ra1 Qb2 (32... Ba2 $142 33. Rc2 Qb3 34. Raxa2 axb4) 33. Rcb1 Qxa1 34. Rxa1 axb4 35. Bc1 g6 36. Ng3 Ra8 37. Qb2 {[%emt 0:04:19] [#] Hoping for Rxa8.} Be6 38. Ne2 Ra5 39. Nxd4 Bc5 40. Kh2 Bd7 41. Nb3 Rxa1 42. Nxa1 Nh5 43. Nac2 f5 44. e5 Rc8 45. Bd2 Bf2 46. Qxb4 {[%emt 0:00:39] Qe7 is the strong threat.} Ng3 47. Ne3 Kf7 48. d4 g5 49. Nd3 Ne4 50. Nxf2 Nxf2 51. Qd6 {White mates.} Be8 52. Qf6+ Kg8 53. Qe6+ {Weighted Error Value: White=0.11 (very precise) /Black=0.33} 1-0

[Event "31st MPL National U18G Chess-ch 2022"]
[Site "Pollachi"]
[Date "2022.04.23"]
[Round "11.3"]
[White "Chinnam Vyshnavi"]
[Black "Udagedara, Sandali Kanishka"]
[Result "1/2-1/2"]
[ECO "B13"]
[WhiteElo "1721"]
[BlackElo "1510"]
[Annotator "NA RC COMBH"]
[PlyCount "92"]
[EventDate "2022.04.18"]
[EventCountry "IND"]
[SourceTitle "playchess.com"]
[Source "ChessBase"]
[SourceQuality "1"]
[TimeControl "5400+30"]

1. e4 c6 2. d4 d5 3. exd5 cxd5 4. Bd3 Nc6 5. c3 Qc7 6. Ne2 Nf6 7. Bf4 e5 8. dxe5 Nxe5 9. Bb5+ Bd7 10. Bxd7+ Nfxd7 11. Qxd5 Qc5 12. Qe4 O-O-O 13. O-O Bd6 14. Nd2 Nf6 15. Qc2 Rhe8 16. Nb3 Qc4 17. Nbd4 a6 18. b3 Qc7 19. Bxe5 Bxe5 20. Qf5+ Kb8 21. Qh3 Ne4 22. Rac1 Qa5 23. Qf5 Qxa2 24. Qxf7 Bxd4 25. Nxd4 Rf8 26. Qxg7 Rde8 27. Rc2 Qa5 28. Nf3 Qf5 29. Nd4 Qd5 30. c4 Qc5 31. b4 Qh5 32. f3 Rg8 33. Qd7 Ng5 34. Qd6+ Ka8 35. b5 Rd8 36. Qb6 Rxd4 37. Qxd4 Nxf3+ 38. Rxf3 Qxf3 39. bxa6 bxa6 40. Rf2 Qb7 41. Rb2 Qe7 42. Qd5+ Ka7 43. Rb7+ Qxb7 44. Qxg8 Qb1+ 45. Kf2 Qf5+ 46. Kg3 Qe5+ 1/2-1/2

[Event "31st MPL National U18G Chess-ch 2022"]
[Site "Pollachi"]
[Date "2022.04.23"]
[Round "11.4"]
[White "Vakcheri Mohitha"]
[Black "Keerti Shree Reddy"]
[Result "1/2-1/2"]
[ECO "E52"]
[WhiteElo "1459"]
[BlackElo "1721"]
[Annotator "NA RC COMBH"]
[PlyCount "70"]
[EventDate "2022.04.18"]
[EventCountry "IND"]
[SourceTitle "playchess.com"]
[Source "ChessBase"]
[SourceQuality "1"]
[TimeControl "5400+30"]

1. d4 Nf6 2. c4 e6 3. Nc3 Bb4 4. e3 O-O 5. Bd2 b6 6. Nf3 Bb7 7. Bd3 d5 8. cxd5 exd5 9. O-O Be7 10. Ne5 c5 11. Ne2 Nbd7 12. f4 Ne4 13. Ng3 Nxe5 14. fxe5 Bg5 15. Bxe4 dxe4 16. Nf5 Bc8 17. Nd6 Ba6 18. Re1 g6 19. Nxe4 Bh4 20. Bc3 Bb7 21. Nf6+ Bxf6 22. exf6 Qxf6 23. d5 Qd6 24. e4 f5 25. Qd2 fxe4 26. Qh6 Rf7 27. Rxe4 Qxd5 28. Rae1 Raf8 29. Rg4 Qf5 30. h3 Bc8 31. Rg5 Qf2+ 32. Kh1 Bf5 33. Re6 Qf1+ 34. Kh2 Qf4+ 35. Kh1 Qf1+ 1/2-1/2

[Event "31st MPL National U18G Chess-ch 2022"]
[Site "Pollachi"]
[Date "2022.04.23"]
[Round "11.5"]
[White "Sachi Jain"]
[Black "Anupam M Sreekumar"]
[Result "1-0"]
[ECO "C54"]
[WhiteElo "1401"]
[BlackElo "1724"]
[Annotator "NA RC COMBH"]
[PlyCount "77"]
[EventDate "2022.04.18"]
[EventCountry "IND"]
[SourceTitle "playchess.com"]
[Source "ChessBase"]
[SourceQuality "1"]
[TimeControl "5400+30"]

1. e4 e5 2. Nf3 Nc6 3. Bc4 Bc5 4. c3 Nf6 5. d3 d6 6. h3 h6 7. Nbd2 a6 8. Bb3 O-O 9. O-O Re8 10. Re1 d5 11. Nf1 Bf8 12. Ng3 Be6 13. Bd2 g6 14. exd5 Bxd5 15. Ne4 Bxb3 16. Qxb3 Rb8 17. Rad1 Bg7 18. Be3 Nd5 19. Bxh6 Na5 20. Bg5 Nxb3 21. Bxd8 Rbxd8 22. axb3 Nf4 23. Nc5 b6 24. Nxa6 Nxd3 25. Re2 c6 26. Ne1 e4 27. Nxd3 exd3 28. Rxe8+ Rxe8 29. Nb4 c5 30. Nxd3 Rd8 31. Kf1 b5 32. Ke2 Bf8 33. Nf4 Ra8 34. Kd3 Re8 35. Nd5 Re5 36. c4 Bg7 37. f4 Re8 38. cxb5 Bxb2 39. Rd2 1-0

[Event "31st MPL National U18G Chess-ch 2022"]
[Site "Pollachi"]
[Date "2022.04.23"]
[Round "11.6"]
[White "Ishvi Aggarwal"]
[Black "Keerthana B"]
[Result "1-0"]
[ECO "E04"]
[WhiteElo "1833"]
[BlackElo "1311"]
[Annotator "NA RC COMBH"]
[PlyCount "59"]
[EventDate "2022.04.18"]
[EventCountry "IND"]
[SourceTitle "playchess.com"]
[Source "ChessBase"]
[SourceQuality "1"]
[TimeControl "5400+30"]

1. d4 Nf6 2. c4 e6 3. g3 d5 4. Nf3 Nbd7 5. Bg2 dxc4 6. O-O c6 {[%emt 0:01:38] The modern move.} 7. a4 Bd6 (7... a5 $14 {deserves consideration.}) 8. Nfd2 {[%emt 0:00:55] [#]} Qe7 $146 (8... Bc7 $14) ({Predecessor:} 8... e5 9. Nxc4 Bc7 10. b3 exd4 11. Qxd4 O-O 12. Rd1 Nb6 13. Qxd8 Rxd8 14. Rxd8+ Bxd8 15. Nd6 {1-0 (50) Beydullayeva,G (2263)-Schneider,J (2270) Tornelo INT 2020}) 9. Nxc4 Bc7 {[%emt 0:00:03] [#]} (9... O-O $16) 10. b3 $1 e5 11. Ba3 Qe6 12. e4 exd4 13. Qxd4 Nb6 (13... c5 $142 14. Bxc5 Nxc5 15. Qxc5 Qe7 16. Qxe7+ Kxe7) 14. Nbd2 Qd7 15. Qc3 Qe6 16. Rad1 Bd7 17. Qe3 (17. f4 $142 O-O-O 18. f5) 17... Ng4 18. Qg5 ({Better is} 18. Qd4 $18) 18... h5 (18... f6 $142 19. Qxg7 O-O-O) 19. Qxg7 $2 (19. e5 $18 {is more deadly.} f6 20. exf6 (20. Qxg7 Rg8 $18) 20... gxf6 21. Qg6+ Qf7 22. Qe4+ Qe6 23. Rfe1 Qxe4 24. Nxe4) 19... O-O-O 20. h4 Rdg8 (20... f6 $16 21. Nb2 Rdg8) 21. Qd4 Nxf2 $2 (21... Kb8 {was called for.} 22. a5 Nxc4 23. Nxc4 Bc8) 22. Rxf2 Bxg3 $18 23. Nxb6+ axb6 24. Nc4 Bxf2+ 25. Qxf2 Be8 26. Nxb6+ Kc7 27. Bd6+ (27. Na8+ $142 Kc8 {[#]} 28. Rd8+ $3 Kxd8 29. Qb6+ Kd7 30. Qc7#) 27... Qxd6 28. Rxd6 Kxd6 29. Qf4+ Kc5 30. Nc4 1-0